 Dungeon Crawl Stone Soup version 0.31-a0-408-gb642c7f9a3 (webtiles) character file.

Game seed: 17655954502598781083

340 mopl the Firebug (level 6, -2/44 HPs)
             Began as a Gnoll Fire Elementalist on July 29, 2023.
             Was an Initiate of Vehumet.
             Slain by a gnoll
             ... wielding a +0 flail
             ... led by a gnoll sergeant
              (6 damage)
             ... on level 4 of the Dungeon.
             The game lasted 00:04:54 (3560 turns).

mopl the Firebug (Gnoll Fire Elementalist)          Turns: 3560, Time: 00:04:54

Health: -2/44      AC:  3    Str:  7    XL:     6   Next: 56%
Magic:  11/14      EV: 13    Int: 17    God:    Vehumet [......]
Gold:   174        SH:  0    Dex: 12    Spells: 12/15 levels left

rFire   x . .        j - +6 spear of Compound Interest {flame, rElec rPois rF-}
rCold   . . .        (no shield)
rNeg    . . .        a - +0 robe
rPois   +            e - +0 helmet
rElec   +            o - scarf {+Inv}
rCorr   .            (no gloves)
SInv    .            (no boots)
Will    .....        n - amulet of magic regeneration
Stlth   +++          (no ring)
HPRegen 0.27/turn    (no ring)
MPRegen 0.54/turn

%: no passive effects
@: no status effects
A: fangs 1, strong nose, distributed training
a: Renounce Religion, Evoke Invisibility


You were on level 4 of the Dungeon.
You worshipped Vehumet.
Vehumet was noncommittal.
You visited 2 branches of the dungeon, and saw 6 of its levels.

You collected 174 gold pieces.

Inventory:

Hand Weapons
 j - the +6 spear of Compound Interest (weapon) {flame, rElec rPois rF-}
   (You found it on level 2 of the Dungeon)

   rF:        It makes you vulnerable to fire.
   rElec:     It insulates you from electricity.
   rPois:     It protects you from poison.
 u - a +0 dagger of venom
Missiles
 t - 5 poisoned darts
Armour
 a - a +0 robe (worn)
 e - a +0 helmet (worn)
 o - a scarf of invisibility (worn)
Jewellery
 n - an amulet of magic regeneration (around neck)
 q - an amulet of guardian spirit
Scrolls
 c - 4 scrolls of teleportation {unknown}
 f - a scroll of fog {unknown}
 i - 5 scrolls of identify {unknown}
 k - a scroll of fear {unknown}
 l - a scroll of immolation
 m - 2 scrolls of revelation {unknown}
 p - 2 scrolls of blinking {unknown}
 s - a scroll of vulnerability {unknown}
Potions
 b - 2 potions of magic
 d - a potion of haste {unknown}
 g - 2 potions of attraction {unknown}
 h - a potion of brilliance {unknown}
 r - a potion of curing {unknown}
 v - a potion of heal wounds {unknown}
 w - a potion of invisibility {unknown}


   Skills:
 + Level 2.0 Fighting
 + Level 2.0 Short Blades
 + Level 2.0 Long Blades
 + Level 2.0 Axes
 + Level 2.0 Maces & Flails
 + Level 2.0 Polearms
 + Level 2.0 Staves
 + Level 2.0 Ranged Weapons
 + Level 2.0 Throwing
 + Level 2.0 Armour
 + Level 5.0 Dodging
 + Level 4.6 Stealth
 + Level 2.0 Shields
 + Level 2.0 Unarmed Combat
 + Level 5.4 Spellcasting
 + Level 2.7 Conjurations
 + Level 1.6 Hexes
 + Level 1.6 Summonings
 + Level 1.6 Necromancy
 + Level 1.6 Translocations
 + Level 1.6 Transmutations
 + Level 5.7 Fire Magic
 + Level 1.6 Ice Magic
 + Level 1.6 Air Magic
 + Level 1.6 Earth Magic
 + Level 1.6 Poison Magic
 + Level 2.2 Invocations
 + Level 2.0 Evocations
 + Level 1.6 Shapeshifting


You had 12 spell levels left.
You knew the following spells:

 Your Spells              Type           Power      Damage    Failure   Level
a - Foxfire               Conj/Fire      72%        2x1d7     2%          1
b - Scorch                Fire           48%        2d7       1%          2

Your spell library contained the following spells:

 Spells                   Type           Power      Damage    Failure   Level
 Necrotise                Necr           40%        1d6       7%          1
 Inner Flame              Hex/Fire       17%        N/A       9%          3
 Volatile Blastmotes      Fire/Tloc      34%        2d12      9%          3
 Vhi's Electric Charge    Tloc/Air       20%        N/A       22%         3
 Flame Wave               Conj/Fire      18%        2d7       24%         4
 Anguish                  Hex/Necr       5%         N/A       56%         4
 Animate Dead             Necr           10%        N/A       56%         4
 Arcjolt                  Conj/Air       6%         1d16      83%         5
 Agony                    Necr           10%        N/A       89%         5
 Maxwell's Capacitive Co  Air            5%         ∞         100%        8


Dungeon Overview and Level Annotations

Branches:
Dungeon (5/15)             Temple (1/1) D:4

Altars:
Ashenzari
Elyvilon
Gozag
Hepliaklqana
Makhleb
Nemelex Xobeh
Qazlal
Ru
Sif Muna
Trog
Uskayaw
Vehumet
Wu Jian
Xom
Yredelemnul
Zin
The Shining One

Shops:
D:4 =


Innate Abilities, Weirdness & Mutations

You have very sharp teeth.
Your uncanny sense of smell can sniff out nearby items.
Your experience applies equally to all skills.


Message History

You can't see any susceptible monsters within range! (Use Z to cast anyway.)
You now have 174 gold pieces (gained 7).
You see here a +0 club.
Done exploring.
Done exploring.
Done exploring.
(D) Dungeon (T) Temple
Where to? (Enter - D:4, ? - help)
What level of the Dungeon? (default 1, ? - help)
There is a stone staircase leading down here.
You climb downwards.
Found two stone staircases leading down.
There is a stone staircase leading up here.
There are monsters nearby!
The helpless gnoll sergeant fails to defend itself.
You hit the gnoll sergeant. You burn the gnoll sergeant.
The gnoll sergeant is lightly wounded.
The gnoll shouts! x4
The gnoll sergeant hits you with a +0 trident!
The gnoll sergeant hits you with a +0 trident!
The gnoll closely misses you. The gnoll hits you with a +0 flail.
You climb upwards.
There is a stone staircase leading down here.
You are too injured to fight recklessly!
You are too injured to fight recklessly!
You are too injured to fight recklessly!
Casting: Scorch (safe; 1% risk of failure)
Confirm with . or Enter, or press ? or * to list all spells.
Flames lash the gnoll sergeant.
The gnoll sergeant is moderately wounded.
The gnoll sergeant's fire resistance burns away.
The gnoll sergeant hits you with a +0 trident.
The gnoll barely misses you.
Casting: Scorch (safe; 1% risk of failure)
Confirm with . or Enter, or press ? or * to list all spells.
Flames lash the gnoll but do no damage.
The gnoll sergeant hits you with a +0 trident!
* * * LOW HITPOINT WARNING * * *
The gnoll hits you with a +0 flail.
You die...

#...........# #.....≈.≈....§
#......####.####.>...≈.≈≈≈≈≈§
#......# #..........≈.......
#......# #..##......§§≈≈≈≈≈≈
#......# #...#.....§.§......
#......# ##..#.....###)##...
######## #..#.....# #......
##########..#)##########...
#.........@g).[............
###.....[..g.#############...
#............# #...
#............# ####
#............# ###.(........#
##..........#
#...........#######
#..[..............###


You could see a gnoll sergeant (combustible) and a gnoll.

Vanquished Creatures
  A phantom (D:2)
  A hound (D:4)
  An orc priest (D:4)
  3 orc wizards
  Robin (D:4)
  An adder (D:3)
  3 gnolls (D:2)
  2 worms
  A dart slug (D:1)
  8 orcs
  5 endoplasms
  3 giant cockroaches (D:1)
  17 goblins
  7 hobgoblins
  2 quokkas
  4 ball pythons
  6 bats
  A frilled lizard (D:2)
  2 kobolds
  5 rats
74 creatures vanquished.

Vanquished Creatures (others)
  14 foxfires
14 creatures vanquished.

Grand Total: 88 creatures vanquished

Notes
Turn   | Place    | Note
-------+----------+-------------------------------------------
     0 | D:1      | mopl the Gnoll Fire Elementalist began the quest for the
                  | Orb.
     0 | D:1      | Reached XP level 1. HP: 13/13 MP: 6/6
   181 | D:1      | Reached skill level 2 in Conjurations
   321 | D:1      | Reached XP level 2. HP: 19/19 MP: 4/7
   324 | D:1      | Learned a level 2 spell: Scorch
   838 | D:1      | Reached XP level 3. HP: 25/25 MP: 6/9
   849 | D:1      | Reached skill level 5 in Spellcasting
   964 | D:2      | Identified the +6 spear of Compound Interest {flame, rElec
                  | rPois rF-}
   981 | D:2      | Noticed a phantom
   996 | D:2      | Killed a phantom
   997 | D:2      | Reached skill level 1 in Fighting
   997 | D:2      | Reached skill level 1 in Short Blades
   997 | D:2      | Reached skill level 1 in Long Blades
   997 | D:2      | Reached skill level 1 in Axes
   997 | D:2      | Reached skill level 1 in Maces & Flails
   997 | D:2      | Reached skill level 1 in Polearms
   997 | D:2      | Reached skill level 1 in Staves
   997 | D:2      | Reached skill level 1 in Ranged Weapons
   997 | D:2      | Reached skill level 1 in Throwing
   997 | D:2      | Reached skill level 1 in Armour
   997 | D:2      | Reached skill level 1 in Shields
   997 | D:2      | Reached skill level 1 in Unarmed Combat
   997 | D:2      | Reached skill level 1 in Hexes
   997 | D:2      | Reached skill level 1 in Summonings
   997 | D:2      | Reached skill level 1 in Necromancy
   997 | D:2      | Reached skill level 1 in Translocations
   997 | D:2      | Reached skill level 1 in Transmutations
   997 | D:2      | Reached skill level 1 in Ice Magic
   997 | D:2      | Reached skill level 1 in Air Magic
   997 | D:2      | Reached skill level 1 in Earth Magic
   997 | D:2      | Reached skill level 1 in Poison Magic
   997 | D:2      | Reached skill level 1 in Invocations
   997 | D:2      | Reached skill level 1 in Evocations
   997 | D:2      | Reached skill level 1 in Shapeshifting
   997 | D:2      | Reached XP level 4. HP: 30/32 MP: 3/11
  1151 | D:2      | Found a faded altar of an unknown god.
  1713 | D:2      | Reached XP level 5. HP: 37/37 MP: 9/12
  2967 | D:4      | Found a broken altar of Ashenzari.
  2976 | D:4      | Found Widezuj's Jewellery Shop.
  2976 | D:4      | Noticed Robin
  3007 | D:4      | Killed Robin
  3008 | D:4      | Reached skill level 2 in Invocations
  3147 | D:4      | Found a staircase to the Ecumenical Temple.
  3162 | Temple   | Entered the Ecumenical Temple
  3175 | Temple   | Became a worshipper of Vehumet
  3204 | D:4      | Reached XP level 6. HP: 37/44 MP: 14/14
  3216 | D:4      | Reached skill level 5 in Dodging
  3312 | D:3      | Reached skill level 2 in Fighting
  3312 | D:3      | Reached skill level 2 in Short Blades
  3312 | D:3      | Reached skill level 2 in Long Blades
  3312 | D:3      | Reached skill level 2 in Axes
  3312 | D:3      | Reached skill level 2 in Maces & Flails
  3312 | D:3      | Reached skill level 2 in Polearms
  3312 | D:3      | Reached skill level 2 in Staves
  3312 | D:3      | Reached skill level 2 in Ranged Weapons
  3312 | D:3      | Reached skill level 2 in Throwing
  3312 | D:3      | Reached skill level 2 in Armour
  3312 | D:3      | Reached skill level 2 in Shields
  3312 | D:3      | Reached skill level 2 in Unarmed Combat
  3312 | D:3      | Reached skill level 2 in Evocations
  3368 | D:4      | Got Ehegg's Precepts of Darkness
  3555 | D:5      | Entered Level 5 of the Dungeon
  3560 | D:4      | Slain by a gnoll

Illustrated notes

Levels and vault maps discovered:
D:1:      scummos_arrival_simple_fountains, layout_loops_corners
D:2:      layout_basic, hellmonk_ecumenical_altar_blasted
D:3:      layout_basic
D:4:      layout_basic, mainiacjoe_overflow_concentric_impassable,
          minmay_temple_entry_overgrown, serial_shops,
          nicolae_shop_just_a_little_nook, uniq_robin
D:5:      layout_basic, serial_rivers, chequers_serial_rivers_micro_e,
          chequers_serial_rivers_marsh, chequers_serial_rivers_small_a,
          chequers_serial_rivers_small_b, chequers_serial_rivers_large_b,
          uniq_crazy_yiuf_cottage, uniq_sigmund, uniq_duvessa
Temple:   regret_index_temple_sphere_string

Skill      XL: |  1  2  3  4  5  6 |
---------------+-------------------+-----
Conjurations   | 2 |  2.7
Spellcasting   | 5 |  5.4
Fighting       | 1 2 |  2.0
Short Blades   | 1 2 |  2.0
Long Blades    | 1 2 |  2.0
Axes           | 1 2 |  2.0
Maces & Flails | 1 2 |  2.0
Polearms       | 1 2 |  2.0
Staves         | 1 2 |  2.0
Ranged Weapons | 1 2 |  2.0
Throwing       | 1 2 |  2.0
Armour         | 1 2 |  2.0
Shields        | 1 2 |  2.0
Unarmed Combat | 1 2 |  2.0
Hexes          | 1 |  1.6
Summonings     | 1 |  1.6
Necromancy     | 1 |  1.6
Translocations | 1 |  1.6
Transmutations | 1 |  1.6
Ice Magic      | 1 |  1.6
Air Magic      | 1 |  1.6
Earth Magic    | 1 |  1.6
Poison Magic   | 1 |  1.6
Invocations    | 1 2 |  2.2
Evocations     | 1 2 |  2.0
Shapeshifting  | 1 |  1.6
Dodging        | 5 |  5.0
Stealth        | |  4.6
Fire Magic     | |  5.7

Action                     |  1- 3 |  4- 6 || total
---------------------------+-------+-------++-------
  Melee: Unarmed           |    10 |       ||    10
         Bite              |     4 |       ||     4
         Spear             |     4 |    38 ||    42
   Cast: Foxfire           |     9 |     1 ||    10
         Scorch            |    22 |    51 ||    73
   Stab: Sleeping          |       |     3 ||     3
 Armour: Robe              |     7 |     7 ||    14
  Dodge: Dodged            |    11 |    23 ||    34

Table legend: (Time is in decaauts)
 A = Elapsed time spent in this place.
 B = Non-inter-level travel time spent in this place.
 C = Inter-level travel time spent in this place.
 D = Time resting spent in this place.
 E = Time spent auto-exploring this place.
 F = Levels seen in this place.
 G = Mean time per level.
                   A        B        C        D        E       F      G
               +--------+--------+--------+--------+--------+-----+--------+
         Total |   3564 |   3427 |    137 |    401 |   2518 |   6 |  594.0 |
       Dungeon |   3537 |   3414 |    123 |    401 |   2518 |   5 |  707.4 |
        Temple |     26 |     13 |     13 |      0 |      0 |   1 |   26.0 |
               +--------+--------+--------+--------+--------+-----+--------+

Top non-repeatable levels by time:
     D:3: 1101 daAuts
     D:2: 1041 daAuts
     D:1: 896 daAuts
     D:4: 494 daAuts
  Temple: 26 daAuts
     D:5: 2 daAuts
